 Dungeon Crawl Stone Soup version 0.31-a0-325-g067879e3d3 (webtiles) character file.

Game seed: 4672175041800290539

1 LustLizard the Changeling (level 1, 0/14 HPs)
             Began as an Octopode Shapeshifter on July 19, 2023.
             Slain by a bat (1 damage)
             ... on level 1 of the Dungeon.
             The game lasted 00:00:18 (48 turns).

LustLizard the Changeling (Octopode Shapeshifter)     Turns: 48, Time: 00:00:18

Health: 0/14       AC:  1    Str: 14    XL:     1   Next: 20%
Magic:  1/1        EV: 13    Int: 10    God:
Gold:   14         SH:  0    Dex: 12    Spells: 0/0 levels left

rFire   . .          .
                       - Unarmed
rCold   . . .        (no shield)
rNeg    . . .        (helmet currently unavailable)
rPois   .            (no amulet)
rElec   .            (no ring)
rCorr   .            (no ring)
SInv    .            (no ring)
Will    .....        (no ring)
Stlth   ++           (no ring)
HPRegen 0.22/turn    (no ring)
MPRegen 0.07/turn    (no ring)
                     (no ring)

%: no passive effects
@: beast-form
A: beast (slay +2), almost no armour, amphibious, 8 rings, camouflage 1,
gelatinous body 1, (nimble swimmer 1), tentacles
a: Begin Untransformation


You were on level 1 of the Dungeon.
You were a hulking beast.
You visited 1 branch of the dungeon, and saw 1 of its levels.

You collected 14 gold pieces.

Inventory:

Talismans
 b - a beast talisman
Potions
 a - a potion of lignification
 c - a potion of ambrosia {unknown}
 d - a potion of brilliance {unknown}


   Skills:
 + Level 2.0 Fighting
 - Level 2.0 Dodging
 * Level 2.0 Unarmed Combat
 + Level 3.0 Shapeshifting


You couldn't memorise any spells.
You didn't know any spells.
Your spell library was empty.

Dungeon Overview and Level Annotations

Branches:
Dungeon (1/15)

Altars:


Innate Abilities, Weirdness & Mutations

You are a hulking beast.
Your limbs bulge with bestial killing power. (Slay +2)
You cannot wear most types of armour.
You are amphibious.
You can wear up to eight rings at the same time.
Your skin changes colour to match your surroundings (Stealth+).
Your rubbery body absorbs attacks. (AC +1, EV +1)
((You are camouflaged when in or above water. (Stealth+)))
You have tentacles for arms and can constrict up to eight enemies at once.


Message History

The hobgoblin shouts!
You hear a shout!
A bat comes into view.
The kobold shouts!
You hear a bark! x2
The kobold hits you with a +0 club.
You tentacle-slap the kobold but do no damage.
You grab the kobold. You constrict the kobold.
A jackal comes into view.
The kobold hits you but does no damage.
You release your grip on the kobold.
The hobgoblin attacks as you move away! The hobgoblin hits you.
The jackal bites you but does no damage.
The kobold hits you with a +0 club.
A kobold comes into view. It is wielding a +0 whip.
The hobgoblin attacks as you move away! The hobgoblin completely misses you.
The jackal attacks as you move away! The jackal closely misses you.
The kobold hits you with a +0 club.
* * * LOW HITPOINT WARNING * * *
The jackal barely misses you. The bat attacks as you move away!
The bat hits you.
* * * LOW HITPOINT WARNING * * *
The jackal attacks as you move away! The jackal closely misses you.
The bat hits you but does no damage.
You barely miss the jackal. Your grab misses the jackal.
The jackal barely misses you. The jackal closely misses you.
You tentacle-slap the jackal. Your grab misses the jackal.
The jackal is moderately wounded.
The jackal barely misses you.
You tentacle-slap the jackal. Your grab misses the jackal.
The jackal is almost dead.
The jackal bites you.
* * * LOW HITPOINT WARNING * * *
You barely miss the jackal. Your grab misses the jackal.
The jackal is almost dead.
The jackal closely misses you. x2; The jackal bites you.
* * * LOW HITPOINT WARNING * * *
You tentacle-slap the jackal.
You kill the jackal!
The bat misses you. The jackal barely misses you.
You miss the jackal. Your grab misses the jackal. The bat hits you.
You die...

.....(#.##.# ...........# #
######...### #.### # #...#
#.#.. .# #...########.#.##.#
#.........##......
######....####.....?.# ..
...............h###..###....
......).........hbgK........
................##K..###....
#####....####..##...# .
#.).............#
#...########...## #...#
#.#.# #...# #...# .....#
#.### ......# #.#


You could see a jackal, a hobgoblin, a bat and 2 kobolds.

Vanquished Creatures
  A jackal (D:1)
1 creature vanquished.

Notes
Turn   | Place    | Note
-------+----------+-------------------------------------------
     0 | D:1      | LustLizard the Octopode Shapeshifter began the quest for
                  | the Orb.
     0 | D:1      | Reached XP level 1. HP: 14/14 MP: 1/1
    48 | D:1      | Slain by a bat

Illustrated notes

Levels and vault maps discovered:
D:1:      minmay_arrival_solitary_statue, layout_loops_cross,
          shapermc_ecumenical_altar_ellora

Action                     || total
---------------------------++-------
  Melee: Unarmed           ||     7
         Constrict         ||     1
 Armour: Skin              ||     3
  Dodge: Dodged            ||    11

Table legend: (Time is in decaauts)
 A = Elapsed time spent in this place.
 B = Non-inter-level travel time spent in this place.
 C = Inter-level travel time spent in this place.
 D = Time resting spent in this place.
 E = Time spent auto-exploring this place.
 F = Levels seen in this place.
 G = Mean time per level.
                   A        B        C        D        E       F      G
               +--------+--------+--------+--------+--------+-----+--------+
         Total |     47 |     47 |      0 |      0 |     29 |   1 |   47.0 |
       Dungeon |     47 |     47 |      0 |      0 |     29 |   1 |   47.0 |
               +--------+--------+--------+--------+--------+-----+--------+

Top non-repeatable levels by time:
     D:1: 47 daAuts
